 Dungeon Crawl Stone Soup version 0.24.0-28-g17ded55e90 (webtiles) character file.

Game seed: 5425178685073415468, levelgen mode: deterministic

977 Delamore the Cleaver (level 8, -2/64 HPs)
             Began as a Hill Orc Fighter on Nov 12, 2019.
             Splashed by a jelly's acid (8 damage)
             ... on level 5 of the Dungeon.
             The game lasted 00:05:00 (4136 turns).

Delamore the Cleaver (Hill Orc Fighter)             Turns: 4136, Time: 00:05:02

Health: -2/64      AC: -7    Str: 21    XL:     8   Next: 17%
Magic:  8/8        EV:  7    Int:  8    God:
Gold:   173        SH:  9    Dex: 10    Spells: 7/7 levels left

rFire    . . .     SeeInvis .   a - +0 war axe
rCold    . . .     Gourm    .   c - +0 shield
rNeg     . . .     Faith    .   b - +0 scale mail
rPois    .         Spirit   .   (no helmet)
rElec    .         Reflect  .   (no cloak)
rCorr    .         Harm     .   s - +0 pair of gloves
MR       .....                  (no boots)
Stlth    ..........             (no amulet)
HPRegen  0.20/turn              (no ring)
MPRegen  0.11/turn              (no ring)

@: corroded
A: no striking features
a: no special abilities


You were on level 5 of the Dungeon.
You were not hungry.

You visited 1 branch of the dungeon, and saw 5 of its levels.

You collected 173 gold pieces.

Inventory:

Hand Weapons
 a - a +0 war axe (weapon)
Armour
 b - a +0 scale mail (worn)
 c - a +0 shield (worn)
 s - a +0 pair of gloves (worn)
Jewellery
 g - an uncursed ring of protection from cold {unknown}
 m - an uncursed amulet of the acrobat
 o - a +4 amulet of reflection {unknown}
Wands
 n - a wand of flame (19)
 u - a wand of acid (8)
Scrolls
 e - 4 scrolls of magic mapping {unknown}
 h - 2 scrolls of amnesia {unknown}
 i - 6 scrolls of identify {unknown}
 k - a scroll of noise {unknown}
 p - a scroll of fear {unknown}
 t - a scroll of fog {unknown}
 v - 3 scrolls of teleportation {unknown}
 w - 4 scrolls of remove curse {unknown}
 x - a scroll of blinking {unknown}
 y - a scroll of immolation {unknown}
Potions
 d - a potion of might
 j - 3 potions of curing
 l - a potion of heal wounds
 q - a potion of lignification {unknown}
 r - a potion of agility
 z - a potion of haste {unknown}
 B - a potion of degeneration {unknown}
Comestibles
 f - 8 rations


   Skills:
 - Level 3.6 Fighting
 + Level 11.9 Axes
 - Level 3.2 Armour
 - Level 3.2 Shields


You had 7 spell levels left.
You didn't know any spells.
Your spell library was empty.

Dungeon Overview and Level Annotations

Branches:
Dungeon (5/15)
 Temple: D:4-7

Altars:
Nemelex Xobeh
Sif Muna

Annotations:
D:4 Blork the orc


Message History

You barely miss the hound.
The hound is lightly wounded.
The hound bites you.
You closely miss the hound.
The hound is lightly wounded.
You hit the crimson imp but do no damage.
The hound bites you.
The crimson imp blinks!
The hound bites you.
* * * LOW HITPOINT WARNING * * *
You hit the jelly but do no damage.
Your hands burn!
* * * LOW HITPOINT WARNING * * *
The jelly is heavily wounded.
You hit the hound. You block the jelly's attack. The hound closely misses you.
You hit the jelly.
Your hands burn!
* * * LOW HITPOINT WARNING * * *
The jelly is almost dead.
You miss the hound. You block the hound's attack.
The crimson imp blinks!
The jelly hits you.
* * * LOW HITPOINT WARNING * * *
You are splashed with acid!
You die...

#.###......##
#.# ........#
#.# #.......#
#.# #....!#
#.# #%5...#
#.#.#.#####.#
#.#.#.......#
#.#.Jh#######
#.###@#
#.....#
#######


You could see a hound, a jelly and a crimson imp.

Vanquished Creatures
  3 ogres
  3 phantoms
  A howler monkey (D:5)
  A bullfrog zombie (D:5)
  A crimson imp (D:5)
  A hound (D:4)
  A jelly (D:5)
  A bullfrog skeleton (D:5)
  Natasha (D:3)
  An iguana (D:4)
  A worker ant (D:5)
  A gnoll (D:1)
  6 adders
  2 oozes (D:3)
  An adder skeleton (D:3)
  8 worms
  3 dart slugs
  3 leopard geckos
  4 ball pythons
  9 giant cockroaches
  21 goblins
  8 hobgoblins
  3 jackals (D:5)
  3 quokkas
  8 bats
  3 frilled lizards
  9 kobolds
  A quokka zombie (D:4)
  10 rats
118 creatures vanquished.

Notes
Turn   | Place    | Note
-------+----------+-------------------------------------------
     0 | D:1      | Delamore the Hill Orc Fighter began the quest for the Orb.
     0 | D:1      | Reached XP level 1. HP: 19/19 MP: 1/1
    46 | D:1      | Reached skill level 3 in Axes
   133 | D:1      | Reached XP level 2. HP: 16/26 MP: 2/2
   329 | D:1      | Reached skill level 4 in Axes
   401 | D:1      | Reached XP level 3. HP: 22/31 MP: 3/3
   759 | D:2      | Reached skill level 5 in Axes
   906 | D:2      | Found a sparkling altar of Nemelex Xobeh.
  1218 | D:2      | Reached XP level 4. HP: 39/39 MP: 4/4
  1380 | D:2      | Reached skill level 6 in Axes
  1991 | D:3      | Reached XP level 5. HP: 42/45 MP: 5/5
  2215 | D:3      | Reached skill level 7 in Axes
  2238 | D:3      | Noticed Natasha
  2244 | D:3      | Killed Natasha
  2470 | D:4      | Noticed an ogre
  2477 | D:4      | Killed an ogre
  2477 | D:4      | Reached skill level 8 in Axes
  2477 | D:4      | Reached XP level 6. HP: 29/51 MP: 6/6
  2725 | D:4      | Noticed Blork the orc
  2734 | D:4      | Found a shimmering blue altar of Sif Muna.
  2963 | D:4      | Noticed a phantom
  2983 | D:4      | Killed a phantom
  2983 | D:4      | Reached skill level 9 in Axes
  3292 | D:5      | Entered Level 5 of the Dungeon
  3312 | D:5      | Reached XP level 7. HP: 38/57 MP: 7/7
  3352 | D:5      | Reached skill level 10 in Axes
  3687 | D:5      | Reached skill level 11 in Axes
  3807 | D:5      | Reached XP level 8. HP: 55/64 MP: 8/8
  4136 | D:5      | Splashed by a jelly's acid

Levels and vault maps discovered:
D:1:      minmay_arrival_hallway, layout_loops_ring
D:2:      minmay_chambers_of_twos, layout_basic, nemelex_spade_bored_becter
D:3:      kennysheep_the_goblin_king, layout_basic, first_ration, uniq_natasha
D:4:      layout_cave_pools, tgw_sif
D:5:      minmay_chambers_of_threes, layout_basic

Skill      XL: |  1  2  3  4  5  6  7 |
---------------+----------------------+-----
Axes           | 3 4 5 6 8 9 11 | 11.9
Fighting       | |  3.6
Armour         | |  3.2
Shields        | |  3.2

Action                   |  1- 3 |  4- 6 |  7- 9 || total
-------------------------+-------+-------+-------++-------
Melee: War axe           |    86 |   189 |    89 ||   364
  Use: Potion            |       |       |     7 ||     7
 Stab: Invisible         |       |       |     2 ||     2
  Eat: Chunk             |       |     7 |     4 ||    11
Armor: Scale mail        |    34 |    63 |    25 ||   122
Dodge: Dodged            |    20 |    45 |    29 ||    94
Block: Shield            |    43 |    72 |    33 ||   148
